 Dungeon Crawl Stone Soup version 0.22.0-49-gab54619674 (webtiles) character file.

89 MaCx the Sneak (level 4, -1/21 HPs)
             Began as a Spriggan Enchanter on Sept 8, 2018.
             Slain by an adder (2 damage)
             ... on level 3 of the Dungeon.
             The game lasted 00:12:50 (3394 turns).

MaCx the Sneak (Spriggan Enchanter)                 Turns: 3394, Time: 00:12:51

Health: -1/21      AC:  2    Str:  5    XL:     4   Next: 31%
Magic:  7/9        EV: 18    Int: 16    God:
Gold:   144        SH:  0    Dex: 16    Spells: 5/8 levels left

rFire    . . .     SeeInvis +   a - +1 dagger
rCold    . . .     Gourm    .   (shield restricted)
rNeg     . . .     Faith    .   b - +0 robe
rPois    .         Spirit   .   (helmet restricted)
rElec    .         Reflect  .   (no cloak)
rCorr    .         Harm     .   (gloves unavailable)
MR       .....                  (boots unavailable)
Stlth    +++.......             (no amulet)
HPRegen  0.07/turn              (no ring)
MPRegen  0.11/turn              (no ring)

@: very slightly contaminated, starving, very quick
A: very small, unfitting armour, see invisible, herbivore, speed 3, slow
metabolism 2
a: no special abilities


You were on level 3 of the Dungeon.
You were starving.

You visited 1 branch of the dungeon, and saw 3 of its levels.

You collected 144 gold pieces.

Inventory:

Hand Weapons
 a - a +1 dagger (weapon)
Armour
 b - a +0 robe (worn)
 f - a cursed +0 helmet
Scrolls
 g - 2 scrolls of remove curse
 h - 6 scrolls of amnesia
 i - a scroll of fog
 j - a scroll of immolation {unknown}
Potions
 c - a potion of brilliance {unknown}
 e - 2 potions of curing {unknown}
Comestibles
 d - 4 rations


   Skills:
 + Level 3.3 Short Blades
 - Level 3.0 Dodging
 + Level 6.4 Stealth
 - Level 2.6 Spellcasting
 - Level 3.6 Hexes


You had 5 spell levels left.
You knew the following spells:

 Your Spells              Type           Power        Failure   Level  Hunger
a - Corona                Hex            ##.....      4%          1    #......
b - Ensorcelled Hibernat  Hex/Ice        #.....       14%         2    ##.....

Your spell library contained the following spells:

 Spells                   Type           Power        Failure   Level  Hunger
 Confuse                  Hex            ##......     13%         3    ###....
 Tukima's Dance           Hex            ##......     13%         3    ###....
 Dazzling Spray           Conj/Hex       #.....       28%         3    ###....


Dungeon Overview and Level Annotations

Branches:
Dungeon (3/15)

Altars:
Kikubaaqudgha
Uskayaw


Innate Abilities, Weirdness & Mutations

You are very small and have problems with some larger weapons.
You are too small for most types of armour.
You have supernaturally acute eyesight. (SInv)
You are a herbivore.
You cover ground extremely quickly.
You need to consume almost no food.


Message History

A gnoll comes into view. It is wielding a spear.
The adder misses you.
You closely miss the hobgoblin. The hobgoblin completely misses you.
The adder bites you.
* * * LOW HITPOINT WARNING * * *
The gnoll shouts!
You hit the hobgoblin but do no damage. The adder completely misses you.
The hobgoblin closely misses you.
You hit the hobgoblin.
The hobgoblin is lightly wounded.
The adder barely misses you. The hobgoblin barely misses you.
You barely miss the hobgoblin. The adder bites you.
* * * LOW HITPOINT WARNING * * *
The hobgoblin barely misses you.
You hit the hobgoblin but do no damage. The adder completely misses you.
The gnoll closely misses you. The adder closely misses you.
You hit the hobgoblin but do no damage. The hobgoblin hits you with a club.
* * * LOW HITPOINT WARNING * * *
The adder bites you.
You die...

# #### #. <.# ###. #.#
.....####.###########
####..#........(.....##
........@g.####.......#
..#..#S##.# #..#####.#
#..g....# #..#((.#(#
........##.# #..#...#.#
.###..####.# #..#####.#
#.. ..# #........# ...
### #...._...# ##.
#.......## .. ###..####


You could see a gnoll, an adder and a hobgoblin.

Vanquished Creatures
  3 adders
  An ooze (D:2)
  2 worms (D:2)
  A dart slug (D:2)
  A leopard gecko (D:3)
  A ball python (D:3)
  A giant cockroach (D:2)
  4 goblins
  5 hobgoblins (D:1)
  7 jackals
  11 bats
  A frilled lizard (D:1)
  8 kobolds
  3 rats
49 creatures vanquished.

Notes
Turn   | Place    | Note
-------+----------+-------------------------------------------
     0 | D:1      | MaCx the Spriggan Enchanter began the quest for the Orb.
     0 | D:1      | Reached XP level 1. HP: 9/9 MP: 5/5
   259 | D:1      | Reached XP level 2. HP: 9/13 MP: 6/6
   354 | D:1      | Learned a level 2 spell: Ensorcelled Hibernation
   430 | D:1      | Reached skill level 5 in Stealth
  1067 | D:2      | Found an ancient bone altar of Kikubaaqudgha.
  1425 | D:2      | Reached XP level 3. HP: 16/16 MP: 0/8
  2111 | D:2      | Reached skill level 6 in Stealth
  2691 | D:2      | Reached XP level 4. HP: 21/21 MP: 2/9
  3337 | D:3      | Found a hide-covered altar of Uskayaw.
  3340 | D:3      | Noticed a hand axe
  3341 | D:3      | Noticed a dagger
  3394 | D:3      | HP: 1/21 [hobgoblin/club (1)]
  3394 | D:3      | Slain by an adder

Skill      XL: |  1  2  3 |
---------------+----------+-----
Stealth        | 5 6 |  6.4
Short Blades   | 2 3 |  3.3
Dodging        | |  3.0
Spellcasting   | |  2.6
Hexes          | |  3.6

Action                   |  1- 3 |  4- 6 || total
-------------------------+-------+-------++-------
Melee: Dagger            |   110 |    57 ||   167
 Cast: Ensorcelled Hiber |    40 |    11 ||    51
  Use: Scroll            |     2 |     1 ||     3
 Stab: Sleeping          |    24 |     3 ||    27
  Eat: Ration            |     1 |       ||     1
Armor: Robe              |    21 |     8 ||    29
Dodge: Dodged            |   134 |    92 ||   226
